 Dungeon Crawl Stone Soup version 0.27-a0-1200-g94dc6ad4cf (webtiles) character file.

Game seed: 16681585993451224688

53 bilbop the Magician (level 4, 0/32 HPs)
             Began as a Djinni Venom Mage on May 30, 2021.
             Slain by an orc
             ... wielding a +0 dagger
              (2 damage)
             ... on level 3 of the Dungeon.
             The game lasted 00:07:47 (2880 turns).

bilbop the Magician (Djinni Venom Mage)             Turns: 2880, Time: 00:07:48

Health: 0/32       AC:  3    Str:  8    XL:     4   Next: 10%
Gold:   59         EV: 12    Int: 16    God:
                   SH:  0    Dex: 14

rFire    + + .     SeeInvis .   a - +0 short sword (venom)
rCold    x . .     Faith    .   (no shield)
rNeg     . . .     Spirit   .   d - +0 robe
rPois    ∞         Reflect  .   f - +0 helmet
rElec    .         Harm     .   (no cloak)
rCorr    .         Rampage  .   (no gloves)
Will     .....                  (boots unavailable)
Stlth    ++........             (no amulet)
HPRegen  0.10/turn              (no ring)
MPRegen  0.00/turn              (no ring)

@: flying
A: sickness immunity, fire resistance 2, cold vulnerability 1, float, innate
caster, hp casting, extra vitality 1
a: no special abilities


You were on level 3 of the Dungeon.
You visited 1 branch of the dungeon, and saw 3 of its levels.

You collected 59 gold pieces.

Inventory:

Hand Weapons
 a - a +0 short sword of venom (weapon)
 b - a +2 hunting sling of freezing
 c - a +0 club
Armour
 d - a +0 robe (worn)
 f - a +0 helmet (worn)
Scrolls
 e - 4 scrolls of identify {unknown}
 h - a scroll of holy word {unknown}
 i - a scroll of enchant armour {unknown}
Potions
 g - 3 potions of haste {unknown}


   Skills:
 + Level 1.2 Fighting
 + Level 1.1 Short Blades
 - Level 2.1 Dodging
 * Level 2.5 Stealth
 + Level 2.7 Spellcasting


You couldn't memorise any spells.
You knew the following spells:

 Your Spells              Type           Power      Damage    Failure   Level
a - Sting                 Tmut/Pois      40%        1d5       6%          1
b - Poisonous Vapours     Pois/Air       20%        N/A       10%         2
c - Mephitic Cloud        Conj/Pois/Air  10%        N/A       19%         3
d - Ignite Poison         Fire/Tmut/Pois 10%        N/A       19%         3
e - Olgreb's Toxic Radia  Pois           10%        N/A       54%         4
f - Foxfire               Conj/Fire      40%        2x1d6     6%          1
Your spell library was empty.

Dungeon Overview and Level Annotations

Branches:
Dungeon (3/15)

Altars:
Vehumet

Shops:
D:2 (


Innate Abilities, Weirdness & Mutations

You are immune to sickness and miasma.
You are immune to poison.
Your flesh is very heat resistant. (rF++)
You are vulnerable to cold. (rC-)
You float through the air rather than walking.
You learn spells naturally, not from books.
Your magical power is your life essence.
You have superior vitality. (+4 HP)


Message History

The spell is quite dangerous to cast (19% risk of failure)!
Continue anyway?
Okay, then.
The sting hits the orc.
The orc is poisoned.
The orc is almost dead.
The orc hits you with a +3 flail.
You kill the orc!
You miscast Sting.
You are very lightly contaminated with residual magic.
Nothing appears to happen.
The orc barely misses you.
The sting misses the orc.
The ball python barely misses you. The ball python misses you.
The orc hits you with a +0 dagger. The ball python barely misses you.
The ball python grabs you. The ball python constricts you.
You escape the ball python's grasp.
Your magical contamination has completely faded away.
There is a stone staircase leading up here.
The orc barely misses you. The ball python barely misses you.
The ball python grabs you.
You stop ascending the stairs.
The ball python constricts you.
You escape the ball python's grasp.
The orc hits you but does no damage. The ball python closely misses you.
The ball python grabs you.
You stop ascending the stairs.
The ball python constricts you.
You barely miss the ball python. The ball python bites you.
The ball python constricts you.
You barely miss the ball python. The orc hits you with a +0 dagger.
The ball python bites you but does no damage.
The ball python constricts you. The orc hits you with a +0 short sword.
You escape the ball python's grasp.
The orc hits you with a +0 short sword.
* * * LOW HITPOINT WARNING * * *
You closely miss the orc. The orc hits you with a +0 dagger.
* * * LOW HITPOINT WARNING * * *
You barely miss the orc. The orc hits you with a +0 dagger.
* * * LOW HITPOINT WARNING * * *
The orc hits you with a +0 dagger.
* * * LOW HITPOINT WARNING * * *
You barely miss the orc. The orc barely misses you.
You hit the orc.
The orc is poisoned.
The orc is severely wounded.
The orc hits you with a +0 dagger.
You die...

..$. ......................###
.... #......................#
....###.....#.... #...<#..#
.......o......... #....#..#.##
...............## #...†......#
####...........# #......##..#
...............#####...##......
.................##....####....
.......#########@#.......# ....
.......)########o#.#.....# ...
......#..##....oSo.......# ..
......##.................#
......####...............#
....................###..#
......####..........# ##....
...... #.........## ####.
...... #.........# .. .


You could see 3 orcs and a ball python.

Vanquished Creatures
  An adder (D:2)
  A dart slug (D:1)
  An orc (D:3)
  A bat (D:2)
  5 endoplasms
  2 goblins (D:1)
  3 hobgoblins
  4 jackals (D:1)
  4 kobolds
  2 quokkas (D:1)
  5 ball pythons
  5 frilled lizards
  6 rats
40 creatures vanquished.

Vanquished Creatures (others)
  15 foxfires
15 creatures vanquished.

Grand Total: 55 creatures vanquished

Notes
Turn   | Place    | Note
-------+----------+-------------------------------------------
     0 | D:1      | bilbop the Djinni Venom Mage began the quest for the Orb.
     0 | D:1      | Reached XP level 1. HP: 15/15 MP: 0/0
   275 | D:1      | Reached XP level 2. HP: 22/22 MP: 0/0
  1075 | D:1      | Reached XP level 3. HP: 12/26 MP: 0/0
  1075 | D:1      | Learned a level 1 spell: Foxfire
  1866 | D:2      | Found Sexi's Antique Weapon Boutique.
  1901 | D:2      | Reached skill level 1 in Fighting
  2224 | D:2      | Reached skill level 1 in Short Blades
  2698 | D:3      | Reached XP level 4. HP: 26/32 MP: 0/0
  2880 | D:3      | Slain by an orc

Illustrated notes

Levels and vault maps discovered:
D:1:      minmay_arrival_wavy_path, layout_basic, feat_on_display
D:2:      layout_loops_ring, basic_altar, serial_shops, shop, st_stairs_14
D:3:      layout_rooms, hellmonk_ecumenical_altar_pennies_from_heaven,
          grunt_ministairs_15, minmay_misc_feat_iff, hangedman_decor_lopped,
          minmay_goblin_outpost

Skill      XL: |  1  2  3 |
---------------+----------+-----
Stealth        | 2 |  2.5
Fighting       | 1 |  1.2
Short Blades   | 1 |  1.1
Dodging        | |  2.1
Spellcasting   | |  2.7

Action                   |  1- 3 |  4- 6 || total
-------------------------+-------+-------++-------
Melee: Club              |     4 |       ||     4
       Short sword       |    66 |    14 ||    80
 Cast: Sting             |    12 |     3 ||    15
       Foxfire           |     9 |       ||     9
 Stab: Sleeping          |     4 |       ||     4
Armor: Robe              |    15 |     3 ||    18
Dodge: Dodged            |    46 |    17 ||    63

Table legend: (Time is in decaauts)
 A = Elapsed time spent in this place.
 B = Non-inter-level travel time spent in this place.
 C = Inter-level travel time spent in this place.
 D = Time resting spent in this place.
 E = Time spent auto-exploring this place.
 F = Levels seen in this place.
 G = Mean time per level.
                   A        B        C        D        E       F      G
               +--------+--------+--------+--------+--------+-----+--------+
         Total |   2885 |   2833 |     52 |    639 |   1881 |   3 |  961.7 |
       Dungeon |   2885 |   2833 |     52 |    639 |   1881 |   3 |  961.7 |
               +--------+--------+--------+--------+--------+-----+--------+

Top non-repeatable levels by time:
     D:1: 1739 daAuts
     D:2: 954 daAuts
     D:3: 190 daAuts
